 Dungeon Crawl Stone Soup version 0.26-a0-30-g56b8cd3df0 (webtiles) character file.

Game seed: 17163896419029664413, levelgen mode: deterministic

154 vurker the Ruffian (level 5, -2/42 HPs)
             Began as a Draconian Transmuter on June 3, 2020.
             Slain by a gnoll
             ... wielding a +0 flail
              (11 damage)
             ... on level 2 of the Dungeon.
             The game lasted 00:04:18 (3452 turns).

vurker the Ruffian (Draconian Transmuter)           Turns: 3452, Time: 00:04:18

Health: -2/42      AC:  7    Str: 13    XL:     5   Next: 13%
Magic:  8/8        EV: 12    Int: 13    God:
Gold:   129        SH:  0    Dex: 12    Spells: 8/9 levels left

rFire    . . .     SeeInvis .     - Unarmed
rCold    . . .     Gourm    .   (no shield)
rNeg     . . .     Faith    .   (armour unavailable)
rPois    .         Spirit   .   (helmet restricted)
rElec    .         Reflect  .   (no cloak)
rCorr    .         Harm     .   d - +1 pair of gloves
MR       .....                  (no boots)
Stlth    +.........             (no amulet)
HPRegen  0.14/turn              l - ring of flight
MPRegen  0.11/turn              (no ring)

@: no status effects
A: unfitting armour, cold-blooded, AC +5
a: Evoke Flight


You were on level 2 of the Dungeon.
You were not hungry.

You visited 1 branch of the dungeon, and saw 3 of its levels.

You collected 129 gold pieces.

Inventory:

Missiles
 a - 31 arrows
Armour
 d - a +1 pair of gloves (worn)
   (You found it on level 1 of the Dungeon)
Jewellery
 l - a ring of flight (left hand)
   (You found it on level 2 of the Dungeon)
Wands
 c - a wand of disintegration (8)
   (You found it on level 2 of the Dungeon)
 t - a wand of flame (12)
   (You took it off a kobold on level 2 of the Dungeon)
Scrolls
 i - 2 scrolls of teleportation
Potions
 b - a potion of flight {unknown}
 f - a potion of curing {unknown}
 j - 2 potions of heal wounds
Comestibles
 e - 7 rations


   Skills:
 + Level 2.4 Fighting
 - Level 1.7 Dodging
 * Level 4.1 Unarmed Combat
 + Level 2.5 Spellcasting
 * Level 3.5 Transmutations


You had 8 spell levels left.
You knew the following spells:

 Your Spells              Type           Power        Failure   Level  Hunger
a - Beastly Appendage     Tmut           ##....       5%          1    #......

Your spell library contained the following spells:

 Spells                   Type           Power        Failure   Level  Hunger
 Sticks to Snakes         Tmut           ##......     9%          2    ###....
 Spider Form              Tmut/Pois      #.........   34%         3    ###....
 Ice Form                 Ice/Tmut       #.......     75%         4    #####..
 Blade Hands              Tmut           ##........   83%         5    ######.


Dungeon Overview and Level Annotations

Branches:
Dungeon (3/15)

Altars:


Innate Abilities, Weirdness & Mutations

Your plain brown scales are hard. (AC +5)
You cannot fit into any form of body armour.
You are cold-blooded and may be slowed by cold attacks.


Message History

You start resting.
Some of the chunks of flesh in your inventory have rotted away.
There is a stone staircase leading down here.
You climb downwards.
You hear the sound of rushing water.
There is an entrance to a sewer on this level.
Hurry and find it before the portal rusts away!
The walls and floor vibrate strangely for a moment.
There is a stone staircase leading up here.
You open the large door.
All of the chunks of flesh in your inventory have rotted away.
There is a large open door here.
There is a fountain of clear blue water here.
There is a fountain of clear blue water here.
There is a large open door here.
A gnoll comes into view. It is wielding a +0 spear.
The gnoll shouts!
You hear a shout!
The gnoll hits you with a +0 spear!
You miscast Beastly Appendage.
You are very lightly contaminated with residual magic.
Nothing appears to happen.
The gnoll hits you with a +0 spear.
You punch the gnoll! You tail-slap the gnoll.
The gnoll hits you with a +0 spear.
You barely miss the gnoll. The gnoll hits you with a +0 spear.
* * * LOW HITPOINT WARNING * * *
You hit the gnoll but do no damage. The gnoll closely misses you.
You hit the gnoll. The gnoll hits you with a +0 spear!
* * * LOW HITPOINT WARNING * * *
You hit the gnoll.
You kill the gnoll! 2 gnolls come into view.
The gnoll shouts!
Things that are here:
a +0 spear; a gnoll corpse You butcher the gnoll corpse.
The gnoll shouts!
Things that are here:
a +0 spear; 4 chunks of flesh; a gnoll skeleton You hit the gnoll.
The gnoll closely misses you.
You hit the gnoll. The gnoll misses you. The gnoll hits you with a +0 flail!
* * * LOW HITPOINT WARNING * * *
Your magical contamination has completely faded away.
There is a stone staircase leading up here.
You climb upwards.
There is a stone staircase leading down here.
You barely miss the gnoll. You punch the gnoll, but do no damage.
The gnoll hits you but does no damage.
You completely miss the gnoll. The gnoll completely misses you.
You closely miss the gnoll. The gnoll closely misses you.
You barely miss the gnoll. The gnoll hits you with a +0 flail!
You die...

.###.#########.# .#
#...).......######
.###.########.......#
[....# ##.####.# .#.###
#######.####.#
.#.#####.........##.###
.)...............(....#
.#.#####.#####.#.##.#.#
.#.# #.#####.#@##.#.####
##### ####.....#g........#
#...###..#..##.#####..##.#
..###....................#
###...(..####...####..#..#
#.....(#'# #....###..#..#
.....###.# ##.....##..#..#
...###.÷.# #..........#..#
.###.÷.### ##.....##..#..#


You could see a gnoll.

Vanquished Creatures
  Terence (D:3)
  A gnoll (D:3)
  5 adders
  An ooze (D:1)
  2 worms
  A dart slug (D:1)
  A leopard gecko (D:1)
  A ball python (D:3)
  5 bats
  3 giant cockroaches
  7 goblins
  10 hobgoblins
  4 jackals (D:3)
  2 quokkas (D:2)
  3 frilled lizards
  7 kobolds
  7 rats
61 creatures vanquished.

Notes
Turn   | Place    | Note
-------+----------+-------------------------------------------
     0 | D:1      | vurker the Draconian Transmuter began the quest for the
                  | Orb.
     0 | D:1      | Reached XP level 1. HP: 16/16 MP: 3/3
   427 | D:1      | Reached XP level 2. HP: 20/23 MP: 5/5
  1294 | D:2      | Reached XP level 3. HP: 22/29 MP: 6/6
  2553 | D:2      | Reached XP level 4. HP: 32/36 MP: 5/7
  2716 | D:3      | Noticed Terence
  2754 | D:3      | Killed Terence
  2754 | D:3      | Reached skill level 4 in Unarmed Combat
  3195 | D:3      | Reached XP level 5. HP: 26/42 MP: 6/8
  3452 | D:2      | Slain by a gnoll

Illustrated notes

Levels and vault maps discovered:
D:1:      dpeg_arrival_arbitrary_b, layout_basic
D:2:      minmay_razor_zed, layout_loops_ring, minmay_worlds_worst_comb
D:3:      layout_rooms, fedhas_altar_fruit_tree, old_standard_altar,
          gammafunk_temple_overflow_elements, cheibrodos_sewer_entry_bend,
          first_ration, kennysheep_generic_room_12, uniq_terence

Skill      XL: |  1  2  3  4 |
---------------+-------------+-----
Fighting       | 2 |  2.4
Transmutations | 3 |  3.5
Unarmed Combat | 4 |  4.1
Dodging        | |  1.7
Spellcasting   | |  2.5

Action                   |  1- 3 |  4- 6 || total
-------------------------+-------+-------++-------
Melee: Unarmed           |   128 |    87 ||   215
       Tailslap          |    19 |     8 ||    27
       Headbutt          |     3 |       ||     3
       Kick              |     4 |    10 ||    14
       Punch             |     1 |     4 ||     5
 Cast: Beastly Appendage |    13 |     4 ||    17
  Use: Scroll            |       |     5 ||     5
 Stab: Sleeping          |     3 |       ||     3
  Eat: Chunk             |     5 |     3 ||     8
Armor: Skin              |    43 |    40 ||    83
Dodge: Dodged            |    74 |    67 ||   141

Table legend:
 A = Non-vault XP
 B = Vault XP
 C = Vault XP percentage of total XP
 D = Non-vault monster count
 E = Vault monster count
 F = Vault count percentage of total count
                 A         B        C        D         E       F
            +---------+---------+-------+---------+---------+-------
      Total |     151 |      70 |  31.7 |      48 |      13 |  21.3
            +---------+---------+-------+---------+---------+-------
        D:1 |      35 |       0 |   0.0 |      16 |       0 |   0.0
        D:2 |      47 |      34 |  42.0 |      15 |      12 |  44.4
        D:3 |      69 |      36 |  34.3 |      17 |       1 |   5.6
            +---------+---------+-------+---------+---------+-------
